 Dungeon Crawl Stone Soup version 0.23.2-33-g5129a83184 (webtiles) character file.

Game seed: 16455880747278234026

521 AarnesTheHuman the Stinger (level 7, -3/46 HPs)
             Began as a Formicid Venom Mage on July 31, 2019.
             Was a Follower of Makhleb.
             Splashed by a jelly's acid (5 damage)
             ... on level 4 of the Dungeon.
             The game lasted 00:17:36 (5267 turns).

AarnesTheHuman the Stinger (Formicid Venom Mage)    Turns: 5267, Time: 00:17:36

Health: -3/46      AC: -4    Str: 12    XL:     7   Next: 46%
Magic:  13/13      EV: 11    Int: 17    God:    Makhleb [*.....]
Gold:   290        SH:  0    Dex: 11    Spells: 4/14 levels left

rFire    . . .     SeeInvis +   d - +0 dagger
rCold    . . .     Gourm    .   (no shield)
rNeg     . . .     Faith    .   p - +0 leather armour
rPois    .         Spirit   .   (helmet unavailable)
rElec    .         Reflect  .   (no cloak)
rCorr    .         Harm     .   (no gloves)
MR       .....                  (no boots)
Stlth    ++........             (no amulet)
HPRegen  0.15/turn              (no ring)
MPRegen  0.13/turn              (no ring)

@: corroded
A: permanent stasis, dig shafts and tunnels, four strong arms, antennae 3
a: Dig, Shaft Self, Renounce Religion


You were on level 4 of the Dungeon.
You worshipped Makhleb.
Makhleb was aware of your devotion.
You were very hungry.

You visited 1 branch of the dungeon, and saw 5 of its levels.

You collected 290 gold pieces.

Inventory:

Hand Weapons
 b - a +0 spear
 d - a +0 dagger (weapon)
Armour
 a - a +0 robe
 o - a +0 shield
 p - a +0 leather armour (worn)
 s - a +0 ring mail
 v - a +0 leather armour
Jewellery
 w - an uncursed ring of fire {unknown}
Wands
 m - a wand of iceblast (12)
 u - a wand of clouds (5)
Scrolls
 f - a scroll of fear
 g - a scroll of immolation
 t - a scroll of blinking {unknown}
Potions
 e - 3 potions of curing
 h - a potion of magic
 i - 3 potions of cancellation
 j - a potion of agility {unknown}
 l - a potion of heal wounds {unknown}
 n - 2 potions of invisibility
 q - a potion of ambrosia
 r - a potion of might {unknown}
Comestibles
 c - 7 rations


   Skills:
 + Level 3.5 Armour
 - Level 1.7 Dodging
 - Level 2.4 Stealth
 * Level 4.3 Shields
 + Level 4.1 Spellcasting
 - Level 1.5 Conjurations
 + Level 6.0 Poison Magic


You had 4 spell levels left.
You knew the following spells:

 Your Spells              Type           Power        Failure   Level  Hunger
a - Sting                 Conj/Pois      ###.         4%          1    None
b - Poisonous Vapours     Pois/Air       ##....       9%          2    ##.....
c - Mephitic Cloud        Conj/Pois/Air  ##......     22%         3    ###....
d - Olgreb's Toxic Radia  Pois           ###.....     16%         4    ####...

Your spell library contained the following spells:

 Spells                   Type           Power        Failure   Level  Hunger
 Venom Bolt               Conj/Pois      ###.......   75%         5    ######.


Dungeon Overview and Level Annotations

Branches:
Dungeon (5/15)
 Temple: D:4-7

Altars:
Ashenzari
Makhleb

Shops:
D:4 }


Innate Abilities, Weirdness & Mutations

You cannot be hasted, slowed, berserked, paralysed or teleported.
You can dig through walls and to a lower floor.
Your four strong arms can wield two-handed weapons with a shield.
You have a pair of large antennae on your head. (SInv)


Message History

The jelly closely misses you.
You hit the jelly.
Your hands burn!
The jelly is moderately wounded.
The jelly barely misses you.
You hit the jelly but do no damage.
Your hands burn!
The jelly is moderately wounded.
The jelly hits you.
You are splashed with acid!
* * * LOW HITPOINT WARNING * * *
You hit the jelly but do no damage.
Your hands burn!
* * * LOW HITPOINT WARNING * * *
The jelly is moderately wounded.
The jelly barely misses you.
You barely miss the jelly.
The jelly is moderately wounded.
The jelly hits you.
* * * LOW HITPOINT WARNING * * *
The acid corrodes you!
You are splashed with acid.
* * * LOW HITPOINT WARNING * * *
You hit the jelly but do no damage.
Your hands burn!
You die...

############################
...........................#
...........................#
....).......(..............#
...>..............∩........#
...............J...........#
.#######...#####@#####.....#
.####.##...##........#######
............#.......<#
............#........#
............#........#
#.###########........#######
..................#+#..#...#
..................#....#...#
..................#....#...#


You could see a jelly.

Vanquished Creatures
  An ogre (D:5)
  2 bullfrogs
  2 orc priests
  A hound (D:4)
  2 orc wizards
  A worker ant (D:4)
  6 adders
  An ooze (D:3)
  An adder skeleton (D:4)
  3 worms
  3 dart slugs
  4 leopard geckos
  7 orcs
  10 bats
  2 giant cockroaches
  6 goblins
  4 hobgoblins
  8 kobolds
  2 quokkas
  10 frilled lizards
  5 rats
81 creatures vanquished.

Notes
Turn   | Place    | Note
-------+----------+-------------------------------------------
     0 | D:1      | AarnesTheHuman the Formicid Venom Mage began the quest for
                  | the Orb.
     0 | D:1      | Reached XP level 1. HP: 13/13 MP: 3/3
    68 | D:1      | Reached skill level 1 in Conjurations
   303 | D:1      | Reached XP level 2. HP: 19/19 MP: 1/5
   429 | D:1      | Reached skill level 1 in Armour
   490 | D:1      | Learned a level 2 spell: Poisonous Vapours
   805 | D:1      | Reached XP level 3. HP: 24/24 MP: 3/6
   810 | D:1      | Learned a level 3 spell: Mephitic Cloud
  1528 | D:2      | Noticed a bullfrog
  1535 | D:2      | Killed a bullfrog
  1535 | D:2      | Reached skill level 1 in Shields
  1535 | D:2      | Reached XP level 4. HP: 11/30 MP: 3/8
  1535 | D:2      | Reached XP level 5. HP: 12/35 MP: 3/9
  1706 | D:2      | Reached skill level 5 in Poison Magic
  1842 | D:2      | Found a burning altar of Makhleb.
  1986 | D:2      | Became a worshipper of Makhleb the Destroyer
  3032 | D:3      | Reached XP level 6. HP: 41/41 MP: 6/11
  3038 | D:3      | Learned a level 4 spell: Olgreb's Toxic Radiance
  3337 | D:4      | Reached * piety under Makhleb
  3522 | D:4      | Found Finythynume's Gadget Shop.
  4112 | D:5      | Entered Level 5 of the Dungeon
  4141 | D:5      | Reached XP level 7. HP: 24/46 MP: 5/12
  4400 | D:5      | Reached skill level 6 in Poison Magic
  4785 | D:5      | Found a shattered altar of Ashenzari.
  5266 | D:4      | HP: 2/46 [acid (6)]
  5267 | D:4      | Splashed by a jelly's acid

Skill      XL: |  1  2  3  4  5  6  7 |
---------------+----------------------+-----
Conjurations   | 1 |  1.5
Armour         | 1 2 3 |  3.5
Shields        | 1 2 3 4 |  4.3
Spellcasting   | 3 4 |  4.1
Poison Magic   | 5 6 |  6.0
Dodging        | |  1.7
Stealth        | |  2.4

Action                   |  1- 3 |  4- 6 |  7- 9 || total
-------------------------+-------+-------+-------++-------
Melee: Dagger            |    53 |    77 |    30 ||   160
       Unarmed           |     1 |       |       ||     1
 Cast: Sting             |    43 |    77 |    13 ||   133
       Poisonous Vapours |       |    20 |     7 ||    27
  Use: Scroll            |       |    11 |     1 ||    12
 Stab: Sleeping          |     1 |     2 |       ||     3
  Eat: Chunk             |     2 |     8 |     4 ||    14
Armor: Robe              |    18 |       |       ||    18
       Leather armour    |       |    33 |     7 ||    40
Dodge: Dodged            |    54 |    54 |    24 ||   132
